 Dungeon Crawl Stone Soup version 0.18.1-50-g88ac8fd (webtiles) character file.

274 hellschwarz the Poker (level 6, -6/47 HPs)
             Began as a Merfolk Gladiator on Sept 14, 2016.
             Was an Initiate of Ashenzari.
             Mangled by Menkaure (17 damage)
             ... on level 4 of the Dungeon.
             The game lasted 00:32:19 (3177 turns).

hellschwarz the Poker (Merfolk Gladiator)           Turns: 3177, Time: 00:32:20

Health: -6/47      AC:  4    Str: 14 (17) XL:     6   Next: 24%
Magic:  6/6        EV:  9    Int:  4 (7)  God:    Ashenzari [......]
Gold:   183        SH:  2    Dex: 13 (15) Spells: 0 memorised, 5 levels left

rFire  . . .     SeeInvis .     a - +1 trident
rCold  . . .     Gourm    .     s - +0 leather armour (curse)
rNeg   . . .     Faith    .     (no shield)
rPois  +         Spirit   .     c - +0 helmet
rElec  .         Dismiss  .     (no cloak)
rCorr  .         Reflect  +     (no gloves)
SustAt .         Harm     .     (no boots)
MR     .....     Rnd*Rage +     i - +2 amulet of reflection
Stlth  ++........               (no ring)
                                m - ring of poison resistance

@: not resistant to hostile enchantments, unstealthy
A: change form in water, swift swim, berserk 1, deterioration 1, MP-powered
wands
a: Curse Item, Renounce Religion


You were on level 4 of the Dungeon.
You worshipped Ashenzari.
Ashenzari was noncommittal.
You were not hungry.

You visited 1 branch of the dungeon, and saw 4 of its levels.

You collected 183 gold pieces.

Inventory:

Hand Weapons
 a - a +1 trident (weapon)
 o - a +0 spear
Missiles
 d - 3 throwing nets (quivered)
 k - 2 javelins
Armour
 b - a +0 leather armour
 c - a +0 helmet (worn)
 h - a +0 leather armour
 n - a +0 ring mail
 s - a cursed +0 leather armour (worn)
Jewellery
 i - a +2 amulet of reflection (around neck)
 m - a ring of poison resistance (left hand)
 r - a +2 ring of intelligence
Wands
 p - a wand of flame (8/48)
Scrolls
 e - 2 scrolls of noise
 j - a scroll of identify
Potions
 q - a potion of ambrosia
Comestibles
 f - 2 bread rations
 g - 2 meat rations
 l - a slice of pizza


   Skills:
 * Level 3.0 Fighting
 * Level 6.4 Polearms
 + Level 2.2 Throwing
 - Level 2.0 Armour
 + Level 5.5 Dodging
 + Level 1.7 Stealth


You had 5 spell levels left.
You didn't know any spells.

Dungeon Overview and Level Annotations

Branches:
Dungeon (4/15)
 Temple: D:4-7

Altars:
Ashenzari
Fedhas
Kikubaaqudgha
Okawaru
Sif Muna

Annotations:
D:4 Menkaure


Innate Abilities, Weirdness & Mutations

You revert to your normal form in water.
You are very nimble and swift while swimming.
You tend to lose your temper in combat.
Your body sometimes deteriorates upon taking damage.
You expend magic power (3 MP) to strengthen your wands.


Message History

The goblin no longer looks unusually strong.
The orc hits you. The orc misses you. The goblin barely misses you.
You closely miss the goblin.
The goblin no longer looks unusually strong. x2
The goblin closely misses you. The orc hits you but does no damage.
The goblin misses you. The quokka skeleton closely misses you.
You block the goblin's attack. The orc hits you with a mace.
You hit the goblin.
You kill the goblin!
The goblin closely misses you. The orc misses you.
The quokka skeleton barely misses you. The goblin hits you but does no damage.
The orc barely misses you.
You barely miss Menkaure.
The goblin no longer looks unusually strong.
Menkaure closely misses you. The orc hits you but does no damage.
The quokka skeleton closely misses you. The goblin barely misses you.
You block the goblin's attack. The orc hits you with a mace.
* * * LOW HITPOINT WARNING * * *
Menkaure hits you!
You die...

... ... ..#
..# ..## ..##
###gg###.#
#gM@o....#
.....sZo#..#!#
#....lgg# ....
##..#...# ....
... #...# ..#
.. ..... .. .
#..... .
......


You could see Menkaure, 2 orcs, a giant gecko, a giant cockroach, 5 goblins and
a quokka skeleton.

Vanquished Creatures
  The ghost of Flanowski the Sneak, an amateur VSAs (D:3)
  An orc wizard (D:3)
  Robin (D:4)
  6 adders
  An ooze (D:1)
  3 giant geckos
  5 orcs
  8 bats
  6 giant cockroaches
  12 goblins
  9 hobgoblins
  A jackal (D:3)
  A ball python (D:1)
  6 giant newts
  4 kobolds
  7 rats
72 creatures vanquished.

Notes
Turn   | Place    | Note
--------------------------------------------------------------
     0 | D:1      | hellschwarz the Merfolk Gladiator began the quest for the Orb.
     0 | D:1      | Reached XP level 1. HP: 16/16 MP: 1/1
   360 | D:1      | Reached XP level 2. HP: 23/23 MP: 2/2
   365 | D:1      | Reached skill level 5 in Polearms
   865 | D:2      | Reached XP level 3. HP: 28/28 MP: 3/3
   879 | D:2      | Found an ancient bone altar of Kikubaaqudgha.
  1074 | D:2      | Found an iron altar of Okawaru.
  1391 | D:2      | Reached XP level 4. HP: 34/34 MP: 4/4
  1751 | D:3      | Reached skill level 1 in Armour
  1769 | D:3      | Gained mutation: You expend magic power (3 MP) to strengthen your wands. [potion of mutation]
  1769 | D:3      | Gained mutation: You tend to lose your temper in combat. [potion of mutation]
  1769 | D:3      | Gained mutation: Your body sometimes deteriorates upon taking damage. [potion of mutation]
  1827 | D:3      | Noticed Flanowski's ghost (amateur VSAs)
  1841 | D:3      | HP: 1/34 [Flanowski's ghost (6)]
  1845 | D:3      | Killed Flanowski's ghost
  1845 | D:3      | Reached skill level 6 in Polearms
  1845 | D:3      | Reached skill level 5 in Dodging
  1845 | D:3      | Reached skill level 1 in Stealth
  1845 | D:3      | Reached XP level 5. HP: 4/39 MP: 5/5
  2114 | D:3      | Found a blossoming altar of Fedhas.
  2120 | D:3      | Found a deep blue altar of Sif Muna.
  2133 | D:3      | Found a shattered altar of Ashenzari.
  2235 | D:3      | Reached XP level 6. HP: 10/46 MP: 6/6
  2663 | D:3      | Became a worshipper of Ashenzari the Shackled
  3157 | D:4      | Noticed Robin
  3165 | D:4      | Noticed Menkaure
  3173 | D:4      | Killed Robin
  3177 | D:4      | Mangled by Menkaure

Skill      XL: |  1  2  3  4  5  6 |
---------------+-------------------+-----
Polearms       | 5 6 |  6.4
Armour         | 1 2 |  2.0
Dodging        | 5 |  5.5
Stealth        | 1 |  1.7
Fighting       | 3 |  3.0
Throwing       | |  2.2

Action                   |  1- 3 |  4- 6 || total
-------------------------+-------+-------++-------
Melee: Trident           |    98 |   166 ||   264
Throw: Throwing net      |     1 |       ||     1
  Use: Potion            |     6 |     5 ||    11
       Scroll            |     3 |     5 ||     8
 Stab: Sleeping          |     1 |     4 ||     5
       Distracted        |       |     1 ||     1
  Eat: Bread ration      |     1 |       ||     1
       Meat ration       |       |     1 ||     1
Armor: Leather armour    |    14 |    38 ||    52
Dodge: Dodged            |    61 |   125 ||   186
Block: Other             |       |    12 ||    12
